 Dungeon Crawl Stone Soup version 0.30-a0-586-g23e55c9e0a (webtiles) character file.

Game seed: 16451155747666789437

16231 Bnni the Skirmisher (level 12, -35/96 HPs)
             Began as a Formicid Hexslinger on Jan 3, 2023.
             Was an Elder of Dithmenos.
             Annihilated by a very large slime creature (46 damage)
             ... on level 12 of the Dungeon.
             The game lasted 00:34:19 (13148 turns).

Bnni the Skirmisher (Formicid Hexslinger)          Turns: 13148, Time: 00:34:20

Health: -35/96     AC: 14    Str: 14    XL:     12   Next: 67%
Magic:  0/18       EV: 13    Int: 17    God:    Dithmenos [****..]
Gold:   800        SH: 18    Dex: 22    Spells: 8/19 levels left

rFire   . . .      SeeInvis +    a - +0 arbalest
rCold   . . .      Faith    .    F - +0 kite shield
rNeg    . . .      Spirit   .    o - +2 robe
rPois   .          Reflect  +    (helmet unavailable)
rElec   .          Harm     .    c - +2 cloak
rCorr   .          Rampage  .    K - +0 pair of gloves
Will    +....                    I - +1 pair of boots {Stlth+}
Stlth   ++++                     B - amulet of reflection
HPRegen 0.36/turn                j - +4 ring of protection
MPRegen 0.16/turn                i - +6 ring of dexterity

@: portalling projectiles, wreathed by umbra
A: permanent stasis, dig shafts and tunnels, antennae 3, four strong arms
a: Dig, Shaft Self, Renounce Religion, Shadow Step


You were on level 12 of the Dungeon.
You worshipped Dithmenos.
Dithmenos was greatly pleased with you.
You visited 2 branches of the dungeon, and saw 13 of its levels.

You collected 948 gold pieces.
You spent 148 gold pieces at shops.

Inventory:

Hand Weapons
 a - a +0 arbalest (weapon)
 m - a +4 dagger of venom
Missiles
 u - a throwing net
 w - 20 poisoned darts
Armour
 c - a +2 cloak (worn)
 o - a +2 robe (worn)
 D - +0 fire dragon scales
 F - a +0 kite shield (worn)
 I - a +1 pair of boots of stealth (worn)
 K - a +0 pair of gloves (worn)
Jewellery
 i - a +6 ring of dexterity (right hand)
 j - a +4 ring of protection (left hand)
 B - an amulet of reflection (around neck)
 J - a ring of fire
Wands
 y - a wand of light (7)
 C - a wand of mindburst (5)
 G - a wand of roots (15)
Scrolls
 b - a scroll of poison
 e - 3 scrolls of enchant armour {unknown}
 f - a scroll of amnesia
 r - a scroll of summoning
 v - 2 scrolls of magic mapping
Potions
 d - 6 potions of curing
 g - 6 potions of mutation
 k - a potion of magic {unknown}
 l - 2 potions of might
 n - 2 potions of ambrosia
 p - a potion of cancellation {unknown}
 q - 4 potions of attraction
 s - 4 potions of degeneration {unknown}
 t - 6 potions of heal wounds {unknown}
 x - a potion of lignification
 z - 2 potions of haste {unknown}
 A - a potion of resistance {unknown}
 E - a potion of brilliance {unknown}
 H - a potion of invisibility {unknown}


   Skills:
 + Level 9.6 Fighting
 * Level 12.2 Ranged Weapons
 + Level 3.5 Dodging
 + Level 10.6 Shields
 - Level 4.0 Spellcasting
 - Level 10.0 Hexes
 - Level 3.0 Translocations
 - Level 3.0 Fire Magic


You had 8 spell levels left.
You knew the following spells:

 Your Spells              Type           Power      Damage    Failure   Level
a - Slow                  Hex            100%       N/A       1%          1
b - Inner Flame           Hex/Fire       25%        N/A       6%          3
c - Portal Projectile     Hex/Tloc       50%        N/A       6%          3
d - Cause Fear            Hex            18%        N/A       4%          4

Your spell library contained the following spells:

 Spells                   Type           Power      Damage    Failure   Level
 Ensorcelled Hibernation  Hex/Ice        40%        N/A       5%          2
 Anguish                  Hex/Necr       10%        N/A       34%         4
 Kindle Blastsparks       Fire/Tloc/Air  20%        2d11      36%         3
 Cigotuvi's Dreadful Rot  Necr/Pois/Air  6%         N/A       38%         2
 Poisonous Vapours        Pois/Air       6%         N/A       38%         2
 Sublimation of Blood     Necr           3%         N/A       38%         2
 Ignite Poison            Fire/Tmut/Pois 6%         N/A       50%         3
 Mephitic Cloud           Conj/Pois/Air  3%         N/A       63%         3
 Spider Form              Tmut/Pois      3%         N/A       63%         3
 Petrify                  Tmut/Erth      3%         N/A       95%         4
 Freezing Cloud           Conj/Ice/Air   1%         6-21      100%        5
 Irradiate                Conj/Tmut      1%         3d12      100%        5


Dungeon Overview and Level Annotations

Branches:
Dungeon (12/15)            Temple (1/1) D:4            Lair (0/5) D:8
    Orc (0/2) D:9

Altars:
Ashenzari
Cheibriados
Dithmenos
Elyvilon
Fedhas
Gozag
Hepliaklqana
Kikubaaqudgha
Makhleb
Nemelex Xobeh
Okawaru
Qazlal
Ru
Sif Muna
Trog
Uskayaw
Vehumet
Wu Jian
Xom
Yredelemnul
Zin
The Shining One

Shops:
D:4 ?   D:8 (

Annotations:
D:11 1 runed translucent door, Ananasrisotto's ghost, journeyman OgGl
D:12 2 transporters


Innate Abilities, Weirdness & Mutations

You cannot be hasted, slowed, berserked, paralysed or teleported.
You can dig through walls and to a lower floor.
You have a pair of large antennae on your head. (SInv)
Your four strong arms can wield two-handed weapons with a shield.


Message History

The centaur warrior is heavily wounded.
The centaur warrior is engulfed in blazing flames.
Flame seeps out of the centaur warrior.
The very large slime creature closely misses you.
Fire: a) +0 arbalest
Press: ? - help, Shift-Dir - straight line, f/p - centaur warrior
Aim: a centaur warrior (severely wounded, inner flame, umbra, 77% to hit)
You magically shoot a bolt.
The bolt hits the centaur warrior!!
Dithmenos accepts your kill.
The centaur warrior explodes!
The fiery explosion engulfs the very large slime creature!!
The very large slime creature is moderately wounded.
The very large slime creature is engulfed in blazing flames.
The very large slime creature hits you.
The very large slime creature is engulfed in blazing flames.
The very large slime creature hits you!!
Your life force feels restored.
Unknown command.
You retract your mandibles.
You magically shoot a bolt.
The bolt hits the very large slime creature!
The very large slime creature is heavily wounded.
The very large slime creature is engulfed in blazing flames.
You block the very large slime creature's attack.
You magically shoot a bolt.
The bolt hits the very large slime creature!
The very large slime creature is heavily wounded.
The very large slime creature is engulfed in blazing flames.
The very large slime creature hits you!!
* * * LOW HITPOINT WARNING * * *
Okay, then.
Unknown command.
Fire: a) +0 arbalest
Press: ? - help, Shift-Dir - straight line, f/p - very large slime creature
Aim: a very large slime creature (flame, severely wounded, umbra, 89% to hit)
You magically shoot a bolt.
The bolt hits the very large slime creature!
The very large slime creature is severely wounded.
The very large slime creature is engulfed in blazing flames.
The very large slime creature hits you!!!
You die...

## ##.###
#....### #......#
# ####......# #
##.#@#°......#..
##..##J§.........
#.....##§........
###..............
...........#.....
.©..........#
....
####........# ###
.o.###......#
.....##.....##


You could see a very large slime creature.

Vanquished Creatures
  A two-headed ogre (D:8)
  2 centaur warriors
  An ogre mage (D:10)
  2 boulder beetles
  A tengu warrior (D:10)
  A fire crab (D:8)
  A deep elf pyromancer (D:10)
  An ugly thing (D:10)
  2 cyclopes (D:11)
  Maggie (D:8)
  2 efreet
  2 unseen horrors
  A hornet (D:10)
  4 slime creatures
  2 vampires (D:11)
  A shadow (D:9)
  2 wraiths
  18 yaks
  A wyvern (D:5)
  The ghost of flt the Changer, an amateur DgTm (D:4)
  2 steam dragons
  2 acid dragons
  A water moccasin (D:5)
  10 orc warriors
  2 sky beasts
  2 black bears
  An ogre (D:4)
  4 centaurs
  A phantom (D:5)
  Blork the orc (D:4)
  2 kobold brigands
  A scorpion (D:5)
  4 bullfrogs
  A howler monkey (D:11)
  3 hounds
  A jelly (D:8)
  An orc priest (D:8)
  A gnoll bouda (D:7)
  3 iguanas
  23 orc wizards
  9 gnolls
  5 adders
  3 shadow imps
  A worm (D:4)
  4 dart slugs
  74 orcs
  8 bats
  5 endoplasms
  7 giant cockroaches
  2 goblins
  10 hobgoblins
  2 jackals (D:5)
  21 kobolds
  10 quokkas
  6 ball pythons
  5 frilled lizards
  8 rats
293 creatures vanquished.

Vanquished Creatures (collateral kills)
  2 slime creatures (D:12)
2 creatures vanquished.

Grand Total: 295 creatures vanquished

Notes
Turn   | Place    | Note
-------+----------+-------------------------------------------
     0 | D:1      | Bnni the Formicid Hexslinger began the quest for the Orb.
     0 | D:1      | Reached XP level 1. HP: 15/15 MP: 2/2
    74 | D:1      | Reached XP level 2. HP: 21/21 MP: 3/3
   192 | D:1      | Reached skill level 1 in Fire Magic
   192 | D:1      | Reached XP level 3. HP: 3/26 MP: 3/5
   196 | D:1      | Learned a level 3 spell: Inner Flame
   978 | D:2      | Found Feasil's General Store.
  1000 | D:2      | Reached XP level 4. HP: 32/32 MP: 6/6
  1826 | D:3      | Reached XP level 5. HP: 30/38 MP: 7/7
  1984 | D:3      | Reached skill level 1 in Shields
  2085 | D:3      | Found a hide-covered altar of Uskayaw.
  2085 | D:3      | Found an ornate altar of the Wu Jian Council.
  2085 | D:3      | Found a glowing silver altar of Zin.
  2086 | D:3      | Found a bloodstained altar of Trog.
  2088 | D:3      | Found a stormy altar of Qazlal.
  2090 | D:3      | Found an ancient bone altar of Kikubaaqudgha.
  2305 | D:3      | Reached skill level 3 in Ranged Weapons
  2561 | D:3      | You fall into a shaft and drop 2 floors!
  2561 | D:5      | Entered Level 5 of the Dungeon
  2668 | D:5      | Noticed a water moccasin
  2672 | D:5      | Learned a level 4 spell: Cause Fear
  2691 | D:5      | Killed a water moccasin
  2692 | D:5      | Reached skill level 5 in Hexes
  2692 | D:5      | Reached XP level 6. HP: 13/44 MP: 9/9
  2865 | D:5      | Noticed a black bear
  3017 | D:5      | Noticed a wyvern
  3030 | D:5      | Killed a wyvern
  3031 | D:5      | Reached XP level 7. HP: 18/51 MP: 6/10
  3162 | D:5      | Reached skill level 4 in Ranged Weapons
  3700 | D:5      | Noticed a steam dragon
  3708 | D:5      | Killed a steam dragon
  3709 | D:5      | Reached XP level 8. HP: 58/58 MP: 5/12
  3856 | D:4      | Found a staircase to the Ecumenical Temple.
  3868 | D:4      | Noticed Blork the orc
  3869 | Temple   | Entered the Ecumenical Temple
  3933 | Temple   | Became a worshipper of Dithmenos the Shadowed
  3977 | D:4      | Killed Blork the orc
  4689 | D:4      | Found a runed translucent door.
  4690 | D:4      | Noticed flt's ghost (amateur DgTm)
  4715 | D:4      | Killed flt's ghost
  4716 | D:4      | Reached skill level 5 in Ranged Weapons
  4720 | D:4      | Learned a level 3 spell: Portal Projectile
  4802 | D:4      | Found Myxuitwogg's Magic Scroll Shop.
  4885 | D:4      | Reached * piety under Dithmenos
  5491 | D:6      | Reached skill level 1 in Translocations
  5635 | D:6      | Reached XP level 9. HP: 45/65 MP: 10/14
  5975 | D:6      | Found a radiant altar of Vehumet.
  5983 | D:6      | Reached skill level 6 in Ranged Weapons
  6547 | D:7      | Reached skill level 5 in Shields
  6556 | D:7      | Reached ** piety under Dithmenos
  7934 | D:8      | Noticed a two-headed ogre
  7935 | D:8      | Reached skill level 5 in Fighting
  7960 | D:8      | Killed a two-headed ogre
  7961 | D:8      | Reached skill level 7 in Ranged Weapons
  7961 | D:8      | Reached XP level 10. HP: 74/74 MP: 12/16
  8038 | D:8      | Noticed an unseen horror
  8067 | D:8      | Killed an unseen horror
  8247 | D:8      | Noticed Maggie
  8258 | D:8      | Killed Maggie
  8334 | D:8      | Found a staircase to the Lair.
  8635 | D:8      | Found Laoladoa's Antique Weapon Shoppe.
  8639 | D:8      | Bought an arbalest for 148 gold pieces
  8652 | D:8      | Noticed a fire crab
  9249 | D:8      | Killed a fire crab
  9250 | D:8      | Reached skill level 8 in Ranged Weapons
  9250 | D:8      | Reached skill level 10 in Hexes
  9618 | D:9      | Found a snail-covered altar of Cheibriados.
  9630 | D:9      | Reached *** piety under Dithmenos
 10424 | D:9      | Reached XP level 11. HP: 81/83 MP: 11/17
 10427 | D:9      | Reached skill level 9 in Ranged Weapons
 10490 | D:9      | Found a staircase to the Orcish Mines.
 10659 | D:10     | Entered Level 10 of the Dungeon
 10661 | D:10     | Noticed a tengu warrior
 10672 | D:10     | Noticed an ogre mage
 10672 | D:10     | Noticed a deep elf pyromancer
 10674 | D:10     | Noticed a centaur warrior
 10674 | D:10     | Killed a tengu warrior
 10846 | D:10     | Found a white marble altar of Elyvilon.
 10911 | D:10     | Noticed a boulder beetle
 10928 | D:10     | Killed a boulder beetle
 10929 | D:10     | Reached skill level 10 in Ranged Weapons
 10963 | D:10     | Killed a deep elf pyromancer
 10963 | D:10     | Reached **** piety under Dithmenos
 11022 | D:10     | Killed an ogre mage
 11029 | D:10     | Noticed a white ugly thing
 11031 | D:10     | Killed a white ugly thing
 11097 | D:10     | Reached skill level 11 in Ranged Weapons
 11152 | D:10     | Killed a centaur warrior
 11153 | D:10     | Reached XP level 12. HP: 94/94 MP: 14/18
 11286 | D:10     | Found a burning altar of Makhleb.
 11333 | D:10     | Identified the +2 broad axe of Karma {heavy, Will+ Dex+4}
 11858 | D:11     | Noticed a boulder beetle
 11886 | D:11     | Killed a boulder beetle
 12046 | D:11     | Found a runed translucent door.
 12048 | D:11     | Noticed Ananasrisotto's ghost (journeyman OgGl)
 12117 | D:11     | Reached skill level 10 in Shields
 12751 | D:12     | Found a transporter.
 12770 | D:12     | Reached skill level 12 in Ranged Weapons
 13105 | D:12     | Found a transporter.
 13106 | D:12     | Noticed a two-headed ogre
 13109 | D:12     | Noticed a two-headed ogre
 13111 | D:12     | Noticed a two-headed ogre
 13137 | D:12     | Noticed a centaur warrior
 13145 | D:12     | Killed a centaur warrior
 13148 | D:12     | Annihilated by a very large slime creature

Illustrated notes

Levels and vault maps discovered:
D:1:      wander_arrival_chamber, layout_rooms, minmay_vboxes
D:2:      layout_loops_ring, serial_shops, shop_statue, minmay_between
D:3:      layout_basic, minitemple, amcnicky_mini_pool_small
D:4:      layout_cave_pods, minmay_temple_entry_purple_smoke,
          gammafunk_ghost_grave, serial_shops, nicolae_shop_stone,
          uniq_blork_the_orc
D:5:      layout_gridville, gup_sewer_entry_glass
D:6:      layout_basic, overflow_temple_1_default
D:7:      layout_basic
D:8:      layout_basic, minmay_lair_entry_lava, serial_shops, shop, uniq_maggie
D:9:      layout_roguey, cheibriados_altar_1, david_orc_4
D:10:     minmay_cut_squares, layout_rooms, old_standard_altar,
          amcnicky_altar_gilded
D:11:     layout_stronghold, ebering_ghost_inner_flame,
          hellmonk_bongcloud_opening
D:12:     due_megacathedral, layout_cave_pools,
          gammafunk_ghost_wrathful_warriors
Temple:   nicolae_temple_x_marks_the_god

Skill      XL: |  1  2  3  4  5  6  7  8  9 10 11 12 |
---------------+-------------------------------------+-----
Hexes          | 4 5 6 7 9 10 | 10.0
Fire Magic     | 1 2 3 |  3.0
Shields        | 1 2 3 4 5 7 9 10 | 10.6
Ranged Weapons | 3 4 5 7 8 11 12 | 12.2
Spellcasting   | 2 3 4 |  4.0
Fighting       | 2 3 4 5 6 8 9 |  9.6
Translocations | 1 3 |  3.0
Dodging        | 3 |  3.5

Action                   |  1- 3 |  4- 6 |  7- 9 | 10-12 || total
-------------------------+-------+-------+-------+-------++-------
Melee: Spear             |       |    28 |    20 |    10 ||    58
       Shortbow          |       |       |       |     1 ||     1
 Fire: Sling             |    87 |   231 |   392 |       ||   710
       Shortbow          |       |       |    28 |    51 ||    79
       Arbalest          |       |       |       |   240 ||   240
Throw: Dart              |       |       |     5 |    14 ||    19
 Cast: Slow              |     2 |     7 |    18 |    12 ||    39
       Inner Flame       |       |     1 |    14 |    29 ||    44
       Portal Projectile |       |       |     3 |     6 ||     9
       Cause Fear        |       |       |       |    13 ||    13
 Abil: Dig               |       |     1 |     3 |     3 ||     7
  Use: Scroll            |       |     2 |     5 |     5 ||    12
       Potion            |       |     1 |       |     1 ||     2
Armor: Robe              |    14 |    57 |    67 |    26 ||   164
       Fire dragon scale |       |       |       |     3 ||     3
Dodge: Dodged            |    39 |    93 |   162 |    69 ||   363
Block: Buckler           |       |    42 |   136 |    32 ||   210
       Reflection        |       |       |     8 |    15 ||    23
       Kite shield       |       |       |       |   104 ||   104

Table legend: (Time is in decaauts)
 A = Elapsed time spent in this place.
 B = Non-inter-level travel time spent in this place.
 C = Inter-level travel time spent in this place.
 D = Time resting spent in this place.
 E = Time spent auto-exploring this place.
 F = Levels seen in this place.
 G = Mean time per level.
                   A        B        C        D        E       F      G
               +--------+--------+--------+--------+--------+-----+--------+
         Total |  13434 |  13038 |    396 |   1934 |   8624 |  13 | 1033.4 |
       Dungeon |  13359 |  12987 |    372 |   1934 |   8580 |  12 | 1113.2 |
        Temple |     74 |     50 |     24 |      0 |     44 |   1 |   74.0 |
               +--------+--------+--------+--------+--------+-----+--------+

Top non-repeatable levels by time:
     D:7: 1859 daAuts
    D:11: 1418 daAuts
     D:8: 1413 daAuts
     D:4: 1349 daAuts
     D:5: 1330 daAuts
     D:9: 1283 daAuts
     D:3: 1075 daAuts
     D:6: 931 daAuts
     D:2: 884 daAuts
     D:1: 851 daAuts
    D:10: 696 daAuts
    D:12: 266 daAuts
  Temple: 74 daAuts
